 Dungeon Crawl Stone Soup version 0.15.0-18-g9076a4f (webtiles) character file.

79 Johnny the Shield-Bearer (level 4, -2/55 HPs)
             Began as a Formicid Fighter on Sept 7, 2014.
             Killed from afar by cribozai's ghost (10 damage)
             ... with a magic dart
             ... on Level 3 of the Dungeon.
             The game lasted 00:04:41 (2211 turns).

Johnny the Shield-Bearer (Formicid Fighter)         Turns: 2211, Time: 00:04:43

HP  -2/55        AC 22     Str 20      XL: 4   Next: 64%
MP   7/7         EV  2     Int  8      God:
Gold 103         SH  9     Dex 11      Spells:  0 memorised,  5 levels left

rFire  . . .     SeeInvis .     a - +0 trident
rCold  . . .     Clarity  .     b - melded +0 scale mail
rNeg   + + +     rCorr    .     c - +0 shield
rPois  +         rRot     .     (helmet unavailable)
rElec  .         Spirit   .     (cloak currently unavailable)
SustAb .         Warding  .     (gloves currently unavailable)
rMut   .         Stasis   +     (boots currently unavailable)
Gourm  .                        (no amulet)
MR     .....                    (no ring)
                                (no ring)

@: tree-form, not resistant to hostile enchantments, very unstealthy
A: permanent stasis, dig shafts and tunnels, four strong arms, (antennae 0),
(hooves 0), (thin metallic scales 0), high mp 1
a: Dig, Shaft Self


You were on level 3 of the Dungeon.
You were not hungry.
You were an animated tree.
You visited 1 branch of the dungeon, and saw 3 of its levels.

You collected 103 gold pieces.

Inventory:

Hand weapons
 a - a +0 trident (weapon)
Missiles
 d - 17 arrows of dispersal
 h - 25 bolts
 l - 34 arrows
Armour
 b - a +0 scale mail (melded)
 c - a +0 shield (worn)
Magical devices
 o - a wand of slowing (14)
Comestibles
 q - a meat ration
Scrolls
 f - a scroll of amnesia {unknown}
 i - 2 scrolls of remove curse {unknown}
 m - a scroll of immolation
 p - a scroll of teleportation {unknown}
Jewellery
 g - an uncursed ring of protection from cold {unknown}
 n - an uncursed ring of poison resistance {unknown}
 s - a +6 ring of strength {unknown}
Potions
 e - 2 potions of might


   Skills:
 * Level 3.7 Fighting
 * Level 2.6 Polearms
 * Level 3.8 Armour
 * Level 0.6 Dodging
 * Level 4.2 Shields
 * Level 1.2 Spellcasting


You had 5 spell levels left.
You didn't know any spells.

Dungeon Overview and Level Annotations

Branches:
Dungeon (3/15)

Altars:
Cheibriados
The Shining One

Annotations:
D:3 cribozai's ghost, average MiCj


Innate Abilities, Weirdness & Mutations

Your are under a permanent stasis effect.
You can dig through walls and to a lower floor.
Your four strong arms can wield two-handed weapons with a shield.
((You have a pair of large antennae on your head (SInv).))
((You have large cloven feet.))
((You are partially covered in thin metallic scales (AC +2).))
You have an increased reservoir of magic (+10% MP).


Message History

* * * LOW HITPOINT WARNING * * *
The adder bites you.
* * * LOW HITPOINT WARNING * * *
Cribozai's ghost gestures at you while chanting.
The magic dart hits you!
* * * LOW HITPOINT WARNING * * *
Drink which item? (? for menu, Esc to quit)
You feel better.
It was a potion of curing.
The adder bites you but does no damage. Cribozai's ghost casts a spell at you.
The magic dart hits you!
* * * LOW HITPOINT WARNING * * *
Drink which item? (? for menu, Esc to quit)
You feel extremely strange.
Thin metallic scales grow over part of your body.
You feel more energetic.
Your feet thicken and deform.
It was a potion of mutation.
The adder bites you but does no damage. Cribozai's ghost casts a spell at you.
The magic dart hits you!
You die...

#.....#.#.# #.....#.#.#
#)# #...#.#.#.# #.#
#.#.#.#.#.# #.#
#.#.#.#.#.# #.#
#.#.#.#.#.# #.#
#.#.#.#.#.# #.#
#..%....#.#########
#.#.###.♣####.......<...
#.#..[.SW......<........
#%#####..###############
#.<.........#
#######...#.# #...# ..
#[..# ## ...... #.####+


You could see cribozai's ghost (inner flame) and an adder (inner flame).

Vanquished Creatures
  2 adders (D:2)
  2 giant geckos (D:2)
  2 oozes
  An orc (D:2)
  2 ball pythons (D:1)
  5 bats
  4 goblins
  10 hobgoblins
  4 jackals (D:2)
  11 kobolds
  A giant newt (D:2)
  A quokka (D:3)
  9 rats
54 creatures vanquished.

Notes
Turn   | Place    | Note
--------------------------------------------------------------
     0 | D:1      | Johnny, the Formicid Fighter, began the quest for the Orb.
     0 | D:1      | Reached XP level 1. HP: 18/18 MP: 1/1
   213 | D:1      | Reached XP level 2. HP: 24/24 MP: 3/3
   453 | D:1      | Reached skill level 4 in Shields
   645 | D:1      | Reached XP level 3. HP: 26/29 MP: 4/4
   980 | D:2      | Reached skill level 1 in Spellcasting
  1372 | D:2      | Found a glowing golden altar of the Shining One.
  1408 | D:2      | Found a snail-covered altar of Cheibriados.
  1417 | D:2      | Reached XP level 4. HP: 35/35 MP: 6/6
  2117 | D:3      | Noticed cribozai's ghost (average MiCj)
  2211 | D:3      | Gained mutation: You are partially covered in thin metallic scales (AC +2). [potion of mutation]
  2211 | D:3      | Gained mutation: You have an increased reservoir of magic (+10% MP). [potion of mutation]
  2211 | D:3      | Gained mutation: You have large cloven feet. [potion of mutation]
  2211 | D:3      | Killed from afar by cribozai's ghost

Action                   |  1- 3 |  4- 6 || total
-------------------------+-------+-------++-------
Melee: Trident           |   114 |    83 ||   197
 Abil: Dig               |     1 |       ||     1
  Use: Scroll            |     2 |     1 ||     3
       Potion            |       |     3 ||     3
  Eat: Bread ration      |     1 |       ||     1
